Map: [ESL] Dragon Scales

Players

Krystianer

  • Race: Protoss Protoss
  • Spawn Location: 5:00

Spatz - Winner!

  • Race: Protoss Protoss
  • Spawn Location: 11:00

Event: ESL SC2 Masters 2023 Summer (Regionals)

VOD

Have the link to the VOD?

Description

Time

  • Played on: May 13, 2023, 9:25 a.m.
  • Length: 7:16

All games in this series

Show
View Real Time Build Order
Export as new Build Order

Krystianer Protoss 

Build Orders: Oracle Opening 

Get SALT Encoding   

  12  0:00  Probe  
  13  0:12  Probe  
  14  0:16  Pylon  
  14  0:24  Probe (Chrono Boost)  
  16  0:36  Probe (Chrono Boost)  
  16  0:37  Gateway  
  16  0:41  Probe (Chrono Boost)  
  17  0:45  Assimilator  
  17  0:50  Probe  
  17  0:54  Assimilator  
  18  1:03  Probe (Chrono Boost)  
  19  1:07  Gateway  
  20  1:12  Probe (Chrono Boost)  
  20  1:17  Probe (Chrono Boost)  
  20  1:24  Cybernetics Core  
  21  1:29  Probe  
  22  1:34  Pylon  
  22  1:41  Probe  
  23  1:50  Pylon  
  24  2:00  Stalker x2  
  27  2:04  Warp Gate  
  27  2:09  Probe  
  28  2:20  Pylon  
  28  2:28  Stargate  
  31  2:40  Stalker  
  29  2:44  Stalker  
  31  3:02  Shield Battery  
  31  3:03  Probe  
  32  3:10  Oracle (Chrono Boost)  
  32  3:16  Probe, Gateway  
  32  3:19  Pylon  
  36  3:22  Stalker  
  36  3:48  Robotics Facility  
  36  3:49  Pylon  
  36  3:52  Shield Battery  
  36  3:54  Pylon  
  36  4:00  Sentry  
  38  4:07  Probe  
  39  4:11  Stalker  
  41  4:32  Immortal (Chrono Boost)  
  43  4:38  Stalker  
  45  4:50  Probe  
  46  5:04  Immortal  
  50  5:08  Pylon  
  50  5:09  Pylon  
  44  5:27  Adept x2  
  48  5:30  Oracle  
  45  5:49  Probe  
  40  6:01  Probe  
  41  6:06  Warp Prism (Chrono Boost)  
  43  6:13  Probe  
  42  6:20  Sentry  
  42  6:36  Immortal (Chrono Boost)  
  40  6:45  Sentry  
  40  6:46  Probe  
  34  7:09  Adept  
Show
View Real Time Build Order
Export as new Build Order

Spatz Protoss - Winner!

Build Orders:  

Get SALT Encoding   

  12  0:00  Probe  
  13  0:12  Probe  
  14  0:18  Pylon  
  14  0:24  Probe (Chrono Boost)  
  15  0:37  Probe (Chrono Boost), Gateway  
  16  0:45  Probe (Chrono Boost)  
  16  0:46  Assimilator  
  17  0:51  Probe  
  18  1:03  Probe  
  19  1:15  Probe  
  20  1:19  Pylon  
  20  1:20  Assimilator  
  20  1:24  Cybernetics Core  
  20  1:28  Probe  
  23  1:40  Probe  
  23  1:43  Pylon  
  24  1:52  Probe  
  25  1:57  Stalker (Chrono Boost)  
  25  1:58  Warp Gate (Chrono Boost)  
  25  2:02  Gateway  
  25  2:04  Probe  
  26  2:12  Robotics Facility  
  26  2:20  Stalker  
  27  2:39  Gateway  
  29  2:52  Stalker  
  29  2:59  Immortal (Chrono Boost)  
  33  3:09  Pylon  
  33  3:15  Shield Battery  
  33  3:27  Pylon  
  33  3:33  Warp Prism  
  35  3:44  Sentry x2  
  35  3:47  Sentry  
  41  3:57  Pylon  
  41  4:09  Immortal  
  45  4:21  Stalker  
  47  4:25  Stalker  
  47  4:46  Stalker  
  49  4:59  Probe  
  49  5:08  Nexus  
  48  5:20  Adept x2  
  52  5:22  Sentry  
  54  5:34  Pylon  
  52  5:53  Immortal (Chrono Boost)  
  56  6:02  Stalker  
  56  6:03  Adept  
  60  6:08  Probe  
  61  6:19  Twilight Council  
  61  6:20  Probe  
  61  6:22  Probe  
  63  6:28  Observer  
  62  6:42  Probe  
  62  6:43  Adept  
  62  6:44  Adept  
  62  6:46  Adept  
  69  6:53  Probe  
  65  7:08  Adept x3  
Tags
 
Add a new tag
Caveats
  • Supply blocks, unpowered buildings, or Contaminate may cause inaccurate times.
  • Supply counts are checked every 10 seconds.